Map: Catalyst LE

Players

Neeb

  • Race: Protoss Protoss
  • Spawn Location: 11:00

Patience - Winner!

  • Race: Protoss Protoss
  • Spawn Location: 5:00

Event: IEM Season 12 - Katowice

VOD

Have the link to the VOD?

Description

Time

  • Played on: Feb. 27, 2018, 2:03 p.m.
  • Length: 9:38

All games in this series

Show
View Real Time Build Order
Export as new Build Order

Neeb Protoss 

Build Orders: Zealot Archon 

Get SALT Encoding   

  12  0:00  Probe  
  13  0:12  Probe  
  14  0:17  Pylon  
  14  0:24  Probe (Chrono Boost)  
  15  0:36  Probe (Chrono Boost)  
  15  0:39  Gateway  
  16  0:44  Probe (Chrono Boost)  
  16  0:47  Assimilator  
  17  0:51  Probe  
  17  0:55  Assimilator  
  18  1:03  Probe (Chrono Boost)  
  19  1:09  Gateway  
  19  1:13  Probe (Chrono Boost)  
  20  1:18  Probe  
  21  1:27  Cybernetics Core  
  21  1:30  Probe  
  22  1:36  Pylon  
  22  1:42  Probe  
  23  1:54  Probe  
  24  2:01  Warp Gate (Chrono Boost)  
  24  2:03  Stalker  
  24  2:04  Sentry  
  24  2:07  Probe  
  29  2:13  Pylon  
  29  2:30  Stalker  
  29  2:33  Stalker  
  33  2:58  Nexus  
  33  3:00  Shield Battery  
  33  3:03  Sentry  
  33  3:04  Sentry  
  37  3:09  Probe  
  38  3:14  Pylon  
  38  3:21  Probe  
  39  3:28  Robotics Facility  
  40  3:45  Shield Battery  
  40  3:46  Shield Battery  
  39  3:50  Shield Battery  
  39  3:56  Stalker  
  39  4:01  Stalker  
  41  4:06  Probe  
  42  4:14  Probe  
  43  4:18  Probe  
  43  4:20  Observer  
  45  4:24  Pylon  
  45  4:26  Probe, Shield Battery  
  45  4:30  Probe  
  48  4:38  Probe  
  48  4:42  Adept, Probe  
  48  4:45  Adept  
  53  4:50  Probe  
  54  4:54  Forge  
  54  4:55  Probe  
  54  4:59  Shield Battery  
  55  5:02  Probe  
  55  5:07  Probe, Immortal (Chrono Boost)  
  59  5:14  Probe  
  59  5:19  Probe  
  59  5:23  Protoss Ground Weapons Level 1 (Chrono Boost), Twilight Council  
  59  5:25  Assimilator  
  59  5:26  Probe  
  59  5:27  Adept  
  59  5:28  Adept  
  64  5:31  Assimilator  
  64  5:42  Immortal  
  66  5:58  Gateway  
  66  6:01  Gateway  
  66  6:02  Pylon  
  66  6:04  Pylon  
  64  6:12  Pylon  
  64  6:14  Pylon  
  64  6:17  Immortal  
  64  6:20  Probe x2  
  70  6:32  Probe x2  
  72  6:37  Gateway  
  72  6:40  Gateway  
  72  6:44  Templar Archives  
  71  6:59  Protoss Ground Weapons Level 2 (Chrono Boost)  
  71  7:05  Resonating Glaives (Chrono Boost)  
  71  7:11  Nexus  
  71  7:14  Gateway  
  69  7:16  Gateway  
  69  7:22  High Templar x2  
  73  7:26  Pylon  
  73  7:28  Archon  
  73  7:33  Adept x2  
  73  7:36  Pylon  
  77  7:37  Pylon  
  77  7:41  Pylon, Warp Prism (Chrono Boost)  
  78  8:08  High Templar x4  
  86  8:13  Archon  
  86  8:14  Archon  
  86  8:18  Pylon  
  86  8:23  Pylon  
  84  8:37  Adept x3  
  84  8:39  Probe x2  
  84  8:41  Adept x4  
  102  9:02  Adept  
  104  9:03  Adept  
  104  9:05  Adept x4  
  104  9:09  Adept  
  112  9:10  Adept  
  112  9:13  Pylon  
  102  9:29  Adept x5  
  92  9:33  Adept  
Show
View Real Time Build Order
Export as new Build Order

Patience Protoss - Winner!

Build Orders: Archon Immortal 

Get SALT Encoding   

  12  0:00  Probe  
  13  0:13  Probe  
  14  0:17  Pylon  
  14  0:25  Probe (Chrono Boost)  
  15  0:37  Probe (Chrono Boost)  
  15  0:40  Gateway  
  16  0:44  Probe (Chrono Boost)  
  16  0:46  Assimilator  
  17  0:51  Probe  
  17  0:55  Assimilator  
  18  1:04  Probe (Chrono Boost)  
  19  1:08  Gateway  
  19  1:14  Probe (Chrono Boost)  
  20  1:19  Probe (Chrono Boost)  
  21  1:27  Cybernetics Core  
  21  1:30  Probe  
  22  1:35  Pylon  
  22  1:42  Probe  
  23  1:55  Probe  
  24  2:03  Stalker  
  24  2:04  Warp Gate, Stalker  
  28  2:13  Pylon  
  29  2:20  Pylon  
  28  2:34  Stalker x2 (Chrono Boost)  
  32  3:03  Stalker (Chrono Boost)  
  32  3:04  Stalker (Chrono Boost)  
  36  3:14  Nexus  
  36  3:17  Probe  
  37  3:23  Pylon  
  37  3:27  Sentry  
  39  3:34  Pylon  
  39  3:41  Probe  
  39  3:45  Twilight Council  
  40  3:55  Probe  
  39  4:07  Probe (Chrono Boost)  
  39  4:09  Adept x2  
  43  4:18  Probe (Chrono Boost)  
  43  4:23  Blink (Chrono Boost)  
  43  4:25  Probe (Chrono Boost)  
  43  4:28  Probe (Chrono Boost)  
  45  4:37  Probe x2 (Chrono Boost)  
  45  4:44  Pylon  
  45  4:45  Probe x2  
  46  4:51  Sentry x2  
  51  4:57  Probe  
  51  4:59  Probe, Gateway  
  53  5:09  Probe  
  53  5:11  Probe  
  55  5:14  Stalker  
  55  5:15  Gateway  
  57  5:21  Probe  
  57  5:23  Probe  
  57  5:26  Robotics Facility  
  57  5:35  Phoenix, Assimilator  
  57  5:41  Stalker x2  
  61  5:44  Probe x2  
  63  5:56  Probe  
  63  5:57  Probe  
  63  6:00  Nexus  
  63  6:02  Pylon  
  63  6:08  Probe  
  64  6:14  Stalker x3  
  70  6:20  Stalker  
  70  6:21  Observer (Chrono Boost)  
  73  6:26  Pylon  
  73  6:31  Probe x2  
  75  6:35  Templar Archives, Forge  
  75  6:43  Probe x2  
  75  6:44  Immortal (Chrono Boost)  
  81  6:59  Gateway  
  81  7:01  Protoss Ground Weapons Level 1 (Chrono Boost), Gateway  
  81  7:02  Gateway  
  81  7:11  Probe x2  
  81  7:14  Charge  
  83  7:19  Probe  
  84  7:22  Pylon  
  84  7:23  Probe, Immortal (Chrono Boost)  
  89  7:32  Probe  
  89  7:36  Probe  
  91  7:38  Pylon  
  91  7:39  Assimilator  
  91  7:43  Zealot x3, Assimilator  
  91  7:44  Zealot  
  99  7:57  Immortal  
  103  7:58  Observer  
  103  7:59  Pylon  
  103  8:00  Pylon  
  103  8:06  Probe x3  
  103  8:09  Pylon  
  103  8:10  Pylon  
  106  8:13  Pylon  
  106  8:14  Pylon  
  106  8:22  Zealot x3, High Templar x2  
  116  8:34  Immortal (Chrono Boost)  
  117  8:41  Zealot x2  
  117  8:42  Archon  
  117  8:46  Zealot, High Templar x2  
  125  8:57  Zealot x2  
  125  8:58  Archon  
  125  9:02  Shield Battery  
  129  9:03  Shield Battery  
  129  9:07  Zealot x3  
  135  9:23  Zealot x2  
  135  9:24  Zealot  
  129  9:29  Zealot x4  

Tags
 
Add a new tag
Caveats
  • Supply blocks, unpowered buildings, or Contaminate may cause inaccurate times.
  • Supply counts are checked every 10 seconds.